 Dungeon Crawl Stone Soup version 0.28.0-49-g6dfe1f597d (webtiles) character file.

Game seed: 1740093956600750597

49 Zeld the Skirmisher (level 3, 0/34 HPs)
             Began as a Minotaur Berserker on May 19, 2022.
             Was a Believer of Trog.
             Shot with an arrow by a centaur (12 damage)
             ... on level 4 of the Dungeon.
             The game lasted 00:01:18 (1220 turns).

Zeld the Skirmisher (Minotaur Berserker)            Turns: 1220, Time: 00:01:19

Health: 0/34       AC:  2    Str: 23    XL:     3   Next: 53%
Magic:  2/2        EV: 12    Int:  4    God:    Trog [**....]
Gold:   62         SH:  0    Dex:  9    Spells: 2/2 levels left

rFire   . . .      SeeInvis .   a - +0 hand axe
rCold   . . .      Faith    .   (no shield)
rNeg    . . .      Spirit   .   b - +0 animal skin
rPois   .          Reflect  .   (helmet restricted)
rElec   .          Harm     .   (no cloak)
rCorr   .          Rampage  .   (no gloves)
Will    .....                   (no boots)
Stlth   +.........              (no amulet)
HPRegen 0.11/turn               (no ring)
MPRegen 0.08/turn               (no ring)

@: no status effects
A: horns 2, retaliatory headbutt
a: Renounce Religion, Berserk, Trog's Hand


You were on level 4 of the Dungeon.
You worshipped Trog.
Trog was pleased with you.
You visited 1 branch of the dungeon, and saw 3 of its levels.

You collected 62 gold pieces.

Inventory:

Hand Weapons
 a - a +0 hand axe (weapon)
Armour
 b - a +0 animal skin (worn)
Scrolls
 c - a scroll of immolation {unknown}
 g - a scroll of vulnerability {unknown}
 h - a scroll of identify {unknown}
Potions
 d - 2 potions of might {unknown}
 e - 2 potions of cancellation {unknown}
 f - a potion of curing {unknown}


   Skills:
 * Level 4.4 Fighting
 * Level 4.3 Axes
 + Level 3.0 Armour
 + Level 2.6 Dodging


You had 2 spell levels left.
You didn't know any spells.
Your spell library was empty.

Dungeon Overview and Level Annotations

Branches:
Dungeon (2/15)             Temple (0/1) D:4

Altars:


Innate Abilities, Weirdness & Mutations

You have a pair of horns on your head.
You reflexively headbutt those who attack you in melee.


Message History

A kobold comes into view. It is wielding a +0 whip.
The kobold shouts!
A kobold is nearby!
A kobold is nearby!
Found a stone staircase leading down.
A kobold is nearby!
The kobold barely misses you.
A kobold is nearby!
You hit the kobold.
You kill the kobold!
Trog accepts your kill.
Things that are here:
a +0 whip; a stone No target in view!
Key pressed, stopping explore.
No target in view!
A hobgoblin comes into view.
The hobgoblin shouts!
A hobgoblin is nearby!
A sourceless malevolence fills the Dungeon...
You fall into a shaft and drop 2 floors!
The shaft crumbles and collapses.
A kobold and a centaur come into view.
The kobold shouts!
The centaur shouts!
Found a silvery potion and 16 stones.
Found two stone staircases leading up.
A hobgoblin comes into view.
Found a staircase to the Ecumenical Temple.
The centaur wields a +0 shortbow.
The centaur shoots an arrow.
The arrow hits you!
There are monsters nearby!
The hobgoblin shouts!
You hear a shout!
The centaur shoots an arrow.
The arrow hits you!
The kobold throws a stone.
The stone barely misses you.
There are monsters nearby!
You are too injured to fight recklessly!
You are too injured to fight recklessly!
You are too injured to fight recklessly!
Found a scroll labelled WOUJIM VIZXYICK.
The centaur shoots an arrow.
The arrow hits you!
You die...

....... ##
#.....# .
.###.....# .#
..g...(.# .
?...<...#.#
###K....#c#
#.........####
#......@.....#
#.........##...
#........!....
#.........8.8.8
#..........⌠.⌠.
#.........8.>.8
#......<...⌠.⌠.
#.........8.8.8
#.............


You could see a centaur, a hobgoblin and a kobold.

Vanquished Creatures
  An adder (D:2)
  6 ball pythons
  3 endoplasms
  3 giant cockroaches
  2 goblins
  2 hobgoblins (D:1)
  2 jackals (D:1)
  7 kobolds
  2 quokkas
  3 bats
  2 frilled lizards (D:1)
  7 rats
40 creatures vanquished.

Notes
Turn   | Place    | Note
-------+----------+-------------------------------------------
     0 | D:1      | Zeld the Minotaur Berserker began the quest for the Orb.
     0 | D:1      | Reached XP level 1. HP: 19/19 MP: 0/0
   296 | D:1      | Reached XP level 2. HP: 27/27 MP: 1/1
   913 | D:1      | Reached ** piety under Trog
   988 | D:2      | Reached XP level 3. HP: 30/33 MP: 2/2
  1217 | D:2      | You fall into a shaft and drop 2 floors!
  1217 | D:4      | Noticed a centaur
  1218 | D:4      | Found a staircase to the Ecumenical Temple.
  1220 | D:4      | Shot with an arrow by a centaur

Illustrated notes

Levels and vault maps discovered:
D:1:      erik_arrival_cave_to_civilisation [erik_arrival_cave_to_hall],
          layout_basic
D:2:      layout_rooms, nicolae_figureground_sparkle
D:4:      layout_basic, nzn_wu_jian_contemplation,
          minmay_temple_entry_statues_fountains, gammafunk_ghost_arena,
          minmay_fractal_squares_gapless_5, uniq_sigmund, uniq_natasha

Skill      XL: |  1  2  3 |
---------------+----------+-----
Fighting       | 4 |  4.4
Axes           | 4 |  4.3
Armour         | 3 |  3.0
Dodging        | |  2.6

Action                   || total
-------------------------++-------
Melee: Hand axe          ||    69
       Headbutt          ||     8
       Punch             ||     1
Armor: Animal skin       ||    10
Dodge: Dodged            ||    54
